 Dungeon Crawl Stone Soup version 0.24.1 (webtiles) character file.

Game seed: 2915999110613475823, levelgen mode: deterministic

2760 Peloso the Carver (level 9, -2/78 HPs)
             Began as a Minotaur Fighter on Mar 27, 2020.
             Was a Follower of Okawaru.
             Slain by a death yak (14 damage)
             ... on level 7 of the Dungeon.
             The game lasted 00:16:00 (6246 turns).

Peloso the Carver (Minotaur Fighter)                Turns: 6246, Time: 00:16:01

Health: -2/78      AC: 15    Str: 22    XL:     9   Next: 41%
Magic:  6/8        EV: 17    Int:  5    God:    Okawaru [*.....]
Gold:   439        SH: 13    Dex: 17    Spells: 8/8 levels left

rFire    . . .     SeeInvis .   a - +0 long sword
rCold    . . .     Gourm    .   c - +0 shield
rNeg     . . .     Faith    +   s - +0 plate armour
rPois    .         Spirit   .   (helmet restricted)
rElec    .         Reflect  .   (no cloak)
rCorr    .         Harm     .   (no gloves)
MR       .....                  (no boots)
Stlth    ..........             o - amulet of faith
HPRegen  0.23/turn              (no ring)
MPRegen  0.11/turn              (no ring)

@: agile, heroism
A: retaliatory headbutt, horns 2
a: Heroism, Renounce Religion


You were on level 7 of the Dungeon.
You worshipped Okawaru.
Okawaru was aware of your devotion.
You were not hungry.

You visited 2 branches of the dungeon, and saw 9 of its levels.

You collected 439 gold pieces.

Inventory:

Hand Weapons
 a - a +0 long sword (weapon)
Armour
 b - a +0 scale mail
 c - a +0 shield (worn)
 s - a +0 plate armour (worn)
Jewellery
 n - an uncursed ring of positive energy
 o - an amulet of faith (around neck)
 v - a +2 ring of strength {unknown}
Wands
 t - a wand of random effects (22)
Scrolls
 e - 4 scrolls of remove curse
 g - a scroll of random uselessness {unknown}
 h - 5 scrolls of identify
 j - 3 scrolls of amnesia {unknown}
 k - 2 scrolls of enchant armour {unknown}
 l - a scroll of noise {unknown}
 m - a scroll of fog {unknown}
 p - 3 scrolls of teleportation
 r - 2 scrolls of blinking
Potions
 d - a potion of curing
 i - a potion of agility
 q - a potion of resistance
 u - a potion of heal wounds {unknown}
 w - a potion of haste {unknown}
 x - 2 potions of invisibility
Comestibles
 f - 11 rations


   Skills:
 + Level 6.8(11.8) Fighting
 + Level 9.4(14.4) Long Blades
 + Level 8.0(13.0) Armour
 + Level 4.0(9.0) Dodging
 + Level 1.1(6.1) Stealth
 + Level 7.9(12.9) Shields


You had 8 spell levels left.
You didn't know any spells.
Your spell library contained the following spells:

 Spells                   Type           Power        Failure   Level  Hunger
 Corona                   Hex            #......      100%        1    ##.....
 Freeze                   Ice            #...         100%        1    ##.....
 Ensorcelled Hibernation  Hex/Ice        #.....       100%        2    ###....
 Throw Flame              Conj/Fire      #.....       100%        2    ###....
 Throw Frost              Conj/Ice       #.....       100%        2    ###....
 Confuse                  Hex            #.......     100%        3    ####...
 Dazzling Spray           Conj/Hex       #.....       100%        3    ####...
 Ozocubu's Armour         Chrm/Ice       #.......     100%        3    ####...
 Tukima's Dance           Hex            #.......     100%        3    ####...
 Passage of Golubria      Tloc           N/A          100%        4    #####..
 Summon Ice Beast         Ice/Summ       #.......     100%        4    #####..
 Throw Icicle             Conj/Ice       #.......     100%        4    #####..
 Bolt of Fire             Conj/Fire      #.........   100%        6    #######
 Disjunction              Tloc           #.........   100%        8    #######


Dungeon Overview and Level Annotations

Branches:
Dungeon (8/15)             Temple (1/1) D:7
   Lair: D:8-11

Altars:
Fedhas
Gozag
Okawaru
Qazlal
Ru
Sif Muna
Vehumet
Wu Jian
Xom
The Shining One

Shops:
D:7 *

Annotations:
D:5 exclusion: statue


Innate Abilities, Weirdness & Mutations

You reflexively headbutt those who attack you in melee.
You have a pair of horns on your head.


Message History

* * * LOW HITPOINT WARNING * * *
You slash the death yak!
You headbutt the death yak, but do no damage.
The death yak is severely wounded.
The death yak completely misses you.
The death yak gores you but does no damage.
You climb upwards.
There is a stone staircase leading down here.
You hit the death yak but do no damage. Your headbutt misses the death yak.
The death yak is severely wounded.
The death yak gores you but does no damage.
You hit the death yak. You headbutt the death yak.
The death yak is severely wounded.
The death yak gores you!
* * * LOW HITPOINT WARNING * * *
You gain the combat prowess of a mighty hero.
The death yak gores you but does no damage.
You feel agile all of a sudden. The death yak gores you!
You die...

#.........#..........
#.........######.....
#.........# #.....
####.###### #..... #.#
#####. ###.# #.
#.#.###############.
#.................(.
#########.#@Y...............
#.........#'#######.........
#.########....# #.#######.
#.# #....# #.##...... #.#
#....# #.##.###.# #.# #....#
#.##...... #.###### #....#
#.##..#### #.##...# ##.###
#.........
#.##.#.####.################


You could see a death yak.

Vanquished Creatures
  Psyche (D:8)
  A spriggan (D:7)
  Sigmund (D:2)
  An orc warrior (D:7)
  2 ice beasts (D:6)
  A black bear (D:6)
  A phantom (D:3)
  3 ogres
  2 centaurs
  A big kobold (D:7)
  A gnoll sergeant (D:4)
  4 scorpions
  A howler monkey (D:3)
  6 crimson imps
  A bullfrog zombie (D:5)
  An orc priest (D:7)
  4 hounds
  5 orc wizards
  An iguana (D:5)
  4 worker ants
  A hound skeleton (D:4)
  A howler monkey skeleton (D:6)
  A worker ant zombie (D:6)
  11 adders
  3 gnolls (D:4)
  A shadow imp (D:8)
  A worm (D:3)
  A dart slug (D:2)
  3 leopard geckos
  19 orcs
  6 giant cockroaches
  9 goblins
  10 hobgoblins
  8 jackals
  2 quokkas
  A ball python (D:2)
  8 bats
  5 frilled lizards
  10 kobolds
  A leopard gecko skeleton (D:4)
  A quokka skeleton (D:5)
  5 rats
150 creatures vanquished.

Notes
Turn   | Place    | Note
-------+----------+-------------------------------------------
     0 | D:1      | Peloso the Minotaur Fighter began the quest for the Orb.
     0 | D:1      | Reached XP level 1. HP: 19/19 MP: 0/0
   219 | D:1      | Reached XP level 2. HP: 24/27 MP: 1/1
   656 | D:2      | Reached XP level 3. HP: 16/33 MP: 2/2
   779 | D:2      | Reached skill level 3 in Long Blades
  1001 | D:2      | Noticed Sigmund
  1011 | D:2      | Killed Sigmund
  1011 | D:2      | Reached skill level 4 in Long Blades
  1011 | D:2      | Reached skill level 1 in Dodging
  1011 | D:2      | Reached XP level 4. HP: 22/41 MP: 3/3
  1011 | D:2      | Reached XP level 5. HP: 25/47 MP: 4/4
  1049 | D:2      | Reached skill level 5 in Shields
  1181 | D:3      | Reached skill level 5 in Armour
  1462 | D:3      | Found a stormy altar of Qazlal.
  1566 | D:3      | Reached XP level 6. HP: 53/53 MP: 5/5
  1669 | D:3      | Found a shimmering blue altar of Sif Muna.
  1970 | D:3      | Reached skill level 5 in Long Blades
  1991 | D:4      | Reached XP level 7. HP: 33/60 MP: 6/6
  2438 | D:4      | Found an ornate altar of the Wu Jian Council.
  2476 | D:4      | Reached skill level 6 in Long Blades
  2644 | D:4      | Found an opulent altar of Gozag.
  2644 | D:4      | Found a sacrificial altar of Ru.
  2644 | D:4      | Found a glowing golden altar of the Shining One.
  2674 | D:4      | Found a shimmering altar of Xom.
  2687 | D:4      | Reached skill level 5 in Fighting
  3096 | D:5      | Entered Level 5 of the Dungeon
  3329 | D:5      | Reached XP level 8. HP: 64/68 MP: 7/7
  3378 | D:5      | Found a radiant altar of Vehumet.
  3422 | D:5      | Reached skill level 7 in Long Blades
  3488 | D:5      | Identified the Guide on the Flamy Compass
  4130 | D:6      | Reached skill level 8 in Long Blades
  5177 | D:7      | Found a staircase to the Ecumenical Temple.
  5228 | D:7      | Reached XP level 9. HP: 71/78 MP: 8/8
  5246 | Temple   | Entered the Ecumenical Temple
  5297 | Temple   | Became a worshipper of Warmaster Okawaru
  5390 | D:7      | Reached skill level 9 in Long Blades
  5612 | D:7      | Reached skill level 1 in Stealth
  5824 | D:7      | Found Paoc's Serpentskin Sales.
  5886 | D:8      | Noticed Psyche
  5910 | D:8      | Killed Psyche
  5910 | D:8      | Reached * piety under Okawaru
  5954 | D:8      | Noticed a death yak
  5956 | D:8      | Noticed a death yak
  6237 | D:8      | Noticed a death yak
  6246 | D:7      | Slain by a death yak

Levels and vault maps discovered:
D:1:      mushboom_english_gardens, layout_loops_ring, nrook_campfire,
          chequers_hall_statues_wall_a, minmay_door_square, kennysheep_doodads
D:2:      layout_basic, chequers_serial_rivers_small_3, uniq_sigmund
D:3:      layout_loops_ring, old_standard_altar, lemuel_blue_sif_altar
D:4:      layout_rooms, led_xom_imps, lemuel_doored_altar,
          gammafunk_temple_overflow_forgotten
D:5:      layout_basic, vehumet_statue, first_ration
D:6:      layout_basic
D:7:      layout_basic, minmay_temple_entry_drinking_statues, the_bakery,
          guppyfry_shop_venom
D:8:      layout_basic, minitemple, dpeg_lair_monsters, uniq_erica, uniq_psyche
Temple:   minmay_temple_curvy_loop

Skill      XL: |  1  2  3  4  5  6  7  8  9 |
---------------+----------------------------+-----
Armour         | 4 5 6 7 8 |  8.0
Fighting       | 4 5 6 |  6.8
Shields        | 4 5 6 7 |  7.9
Long Blades    | 4 5 6 8 9 |  9.4
Dodging        | 1 2 3 4 |  4.0
Stealth        | 1 |  1.1

Action                   |  1- 3 |  4- 6 |  7- 9 || total
-------------------------+-------+-------+-------++-------
Melee: Long sword        |    97 |    82 |   339 ||   518
       Headbutt          |    14 |    14 |    80 ||   108
Invok: Heroism           |       |       |     2 ||     2
  Use: Potion            |     1 |     3 |     2 ||     6
       Scroll            |       |       |     7 ||     7
  Eat: Chunk             |       |     4 |     4 ||     8
       Ration            |       |       |     3 ||     3
Armor: Scale mail        |    53 |    42 |   111 ||   206
       Plate armour      |       |       |    32 ||    32
Dodge: Dodged            |    40 |    33 |    97 ||   170
Block: Shield            |    48 |    58 |   190 ||   296
       Rpst.: Long sword |    11 |     9 |    31 ||    51
